 Dungeon Crawl Stone Soup version 0.24-a0-618-ge4662a2 (webtiles) character file.

Game seed: 4846426349558233394, levelgen mode: deterministic

4188 BoppinsLewinski the Spear-Bearer (level 10, -2/118 HPs)
             Began as a Merfolk Berserker on Sept 15, 2019.
             Was a Priest of Trog.
             Slain by a hippogriff (5 damage)
             ... on level 1 of the Lair of Beasts.
             The game lasted 00:24:19 (11535 turns).

BoppinsLewinski the Spear-Bearer (MfBe)            Turns: 11535, Time: 00:24:20

Health: -2/118     AC:  7    Str: 30    XL:     10   Next: 29%
Magic:  15/15      EV: 11    Int: 11    God:    Trog [***...]
Gold:   298        SH:  0    Dex: 13    Spells: 9/9 levels left

rFire    . . .     SeeInvis .   m - +1 spear
rCold    . . .     Gourm    .   (no shield)
rNeg     . . .     Faith    .   Q - +0 plate armour
rPois    +         Spirit   .   w - +0 helmet
rElec    .         Reflect  .   E - +0 cloak
rCorr    +         Harm     .   M - +0 pair of gloves
MR       .....                  (no boots)
Stlth    ..........             e - amulet of the acrobat
HPRegen  0.29/turn              j - ring of poison resistance
MPRegen  0.14/turn              C - ring "Lugiafao" {rCorr Str+4 Int+4 Stlth+}

@: berserking, corroded, very slightly contaminated, hasted, lightly drained,
very quick
A: change form in water, swift swim, stealthy swim
a: Berserk, Trog's Hand, Renounce Religion


You were on level 1 of the Lair of Beasts.
You worshipped Trog.
Trog was most pleased with you.
You were near starving.

You visited 2 branches of the dungeon, and saw 9 of its levels.

You collected 298 gold pieces.

Inventory:

Hand Weapons
 a - a +0 hand axe
 m - a +1 spear (weapon)
Armour
 w - a +0 helmet (worn)
 E - a +0 cloak (worn)
 M - a +0 pair of gloves (worn)
 Q - a +0 plate armour (worn)
Jewellery
 b - a cursed amulet of inaccuracy {unknown}
 e - an amulet of the acrobat (around neck)
 j - a ring of poison resistance (left hand)
 y - an uncursed amulet of guardian spirit {unknown}
 A - an uncursed amulet of regeneration {unknown}
 C - the ring "Lugiafao" (right hand) {rCorr Str+4 Int+4 Stlth+}
   (You found it on level 4 of the Dungeon)

   [ring of resist corrosion]

   It affects your strength (+4).
   It affects your intelligence (+4).
   It provides partial protection from all sources of acid and corrosion.
   It makes you more stealthy.
 H - an uncursed ring of flight
Wands
 p - a wand of acid (12)
 x - a wand of digging (4)
Scrolls
 f - a scroll of fear {unknown}
 g - a scroll of teleportation {unknown}
 i - a scroll of random uselessness
 k - 11 scrolls of remove curse
 n - 2 scrolls of amnesia
 r - a scroll of enchant armour {unknown}
 s - a scroll of fog {unknown}
 t - 2 scrolls of enchant weapon
 B - 2 scrolls of magic mapping
 G - a scroll of immolation {unknown}
 L - a scroll of torment {unknown}
 N - a scroll of acquirement {unknown}
Potions
 d - 2 potions of heal wounds
 q - a potion of curing
 u - a potion of berserk rage
 F - 2 potions of flight
 I - a potion of agility {unknown}
 J - a potion of cancellation {unknown}
 K - a potion of lignification {unknown}
 O - a potion of mutation {unknown}
 P - 2 potions of brilliance {unknown}
Comestibles
 c - 11 rations


   Skills:
 + Level 7.0(6.7) Fighting
 - Level 2.9(4.7) Axes
 * Level 10.9 Polearms
 + Level 4.5(4.1) Armour
 + Level 7.8(7.4) Dodging
 * Level 7.1(6.7) Evocations


You had 9 spell levels left.
You didn't know any spells.
Your spell library was empty.

Dungeon Overview and Level Annotations

Branches:
Dungeon (8/15)             Temple (0/1) D:4            Lair (1/6) D:8

Altars:
Ashenzari
Cheibriados
Dithmenos
Hepliaklqana
Nemelex Xobeh
Okawaru
Qazlal
Ru
Wu Jian
Xom
The Shining One

Annotations:
D:8 3 runed translucent doors, travis's ghost, novice FeBe
Lair:1 exclusion: 3 oklob plants


Message History

A red film seems ta co'er yer vision as ye go berserk!
Ye feel yerself movin' faster!
Ye feel mighty!
Ye be near starvin'!
Tha bullfrog hits ye.
* * * LOW HITPOINT WARNIN'
* * * Tha bullfrog hits ye but does nay damage.
Tha oklob plant spits acid at ye.
Tha splash o' acid hits ye.
Ye resist.
* * * LOW HITPOINT WARNIN'
* * * Ye be splashed wit' acid.
Ye resist.
* * * LOW HITPOINT WARNIN'
* * * Ye be too injured ta fight recklessly!
Ye be too injured ta fight recklessly!
Ye puncture tha oklob plant!
Ye destroy tha oklob plant!
Trog accepts yer kill.
Yer base Fightin' skill increases ta level 7!
Yer base Evocations skill increases ta level 7!
Tha hippogriff bites ye.
Ye die...

*****
##*,,,*
#.#+#**
#.P.### ****
*#.@#.#
,,,****
##HF..#
,,,,*,*
####..P.##
,,,,,,*
*#..P.P.%#
*,,,,,*
#..#...P.##
,,,,,,*
#.*##P.P.P#*
,,,*,,*
#,*##.PP#PP#
,,,*,,*
***#[...##.#
,,,,,,*
###.P..##.#


You could see a hippogriff and a bullfrog.

Vanquished Creatures
  An oklob plant (Lair:1)
  A deep elf mage (D:8)
  A hippogriff (D:8)
  A hungry ghost (D:7)
  2 orc warriors (D:8)
  5 ice beasts
  2 sky beasts
  A phantom (D:6)
  4 ogres
  3 centaurs
  A big kobold (D:8)
  2 bullfrogs
  2 scorpions
  4 wights (D:8)
  A howler monkey (D:4)
  3 crimson imps
  A bullfrog zombie (D:7)
  2 orc wizards
  4 orc priests
  3 jellies
  2 bullfrog skeletons (D:7)
  A centaur skeleton (D:4)
  3 iguanas
  Ijyb (D:3)
  9 worker ants
  A hound zombie (D:8)
  A hound skeleton (D:8)
  3 gnolls (D:7)
  8 adders
  2 shadow imps (D:8)
  An adder skeleton (D:4)
  2 adder zombies
  6 worms
  5 dart slugs
  4 leopard geckos
  13 orcs
  3 giant cockroaches
  9 goblins
  4 hobgoblins
  8 jackals (D:3)
  13 kobolds
  2 quokkas
  A ball python (D:2)
  14 bats
  2 frilled lizards
  A jackal skeleton (D:4)
  5 rats
168 creatures vanquished.

Vanquished Creatures (others)
  3 plants
3 creatures vanquished.

Grand Total: 171 creatures vanquished

Notes
Turn   | Place    | Note
-------+----------+-------------------------------------------
     0 | D:1      | BoppinsLewinski the Merfolk Berserker began the quest for
                  | the Orb.
     0 | D:1      | Reached XP level 1. HP: 18/18 MP: 1/1
   520 | D:1      | Reached XP level 2. HP: 13/24 MP: 2/2
  1558 | D:2      | Reached XP level 3. HP: 19/29 MP: 3/3
  2047 | D:2      | Reached skill level 1 in Polearms
  2198 | D:2      | Reached XP level 4. HP: 32/37 MP: 4/4
  2407 | D:3      | Noticed Ijyb
  2419 | D:3      | Killed Ijyb
  2419 | D:3      | Reached skill level 2 in Polearms
  2633 | D:3      | Reached XP level 5. HP: 36/42 MP: 5/5
  2650 | D:3      | Reached ** piety under Trog
  2915 | D:3      | Found a sacrificial altar of Ru.
  2941 | D:3      | Reached skill level 3 in Polearms
  3131 | D:3      | Found a faded altar of an unknown god.
  3908 | D:4      | Found a staircase to the Ecumenical Temple.
  3926 | D:4      | Reached skill level 4 in Polearms
  3926 | D:4      | Reached XP level 6. HP: 31/49 MP: 6/6
  4206 | D:4      | Reached skill level 1 in Evocations
  4286 | D:4      | Found an iron altar of Okawaru.
  4317 | D:4      | Found a glowing golden altar of the Shining One.
  4630 | D:4      | Got a scintillating iron ring
  4720 | D:5      | Entered Level 5 of the Dungeon
  4721 | D:5      | Noticed a sky beast
  4749 | D:5      | Killed a sky beast
  5280 | D:5      | Found a shadowy altar of Dithmenos.
  5321 | D:5      | Reached skill level 5 in Polearms
  5321 | D:5      | Reached XP level 7. HP: 49/55 MP: 8/8
  7016 | D:6      | Reached skill level 5 in Dodging
  7079 | D:6      | Reached skill level 5 in Fighting
  7079 | D:6      | Reached skill level 6 in Polearms
  7576 | D:6      | Reached XP level 8. HP: 45/62 MP: 10/10
  8064 | D:6      | Found a stormy altar of Qazlal.
  8128 | D:6      | Reached skill level 7 in Polearms
  8713 | D:7      | Reached *** piety under Trog
  8856 | D:7      | Found a sparkling altar of Nemelex Xobeh.
  8856 | D:7      | Found a shimmering altar of Xom.
  8988 | D:7      | Found an ornate altar of the Wu Jian Council.
  9015 | D:7      | Found an ornate altar of the Wu Jian Council.
  9038 | D:7      | Reached skill level 8 in Polearms
  9303 | D:7      | Reached XP level 9. HP: 69/69 MP: 12/12
  9462 | D:7      | Reached skill level 5 in Evocations
 10157 | D:8      | Reached skill level 9 in Polearms
 10209 | D:8      | Found a staircase to the Lair.
 10472 | D:8      | Found a hazy altar of Hepliaklqana.
 10476 | D:8      | Found a sacrificial altar of Ru.
 10479 | D:8      | Identified the ring "Lugiafao" {rCorr Str+4 Int+4 Stlth+}
                  | (You found it on level 4 of the Dungeon)
 10600 | D:8      | Found a shadowy altar of Dithmenos.
 10600 | D:8      | Found a snail-covered altar of Cheibriados.
 10601 | D:8      | Found a shattered altar of Ashenzari.
 10619 | D:8      | Found a runed translucent gate.
 10623 | D:8      | Found a runed translucent gate.
 10623 | D:8      | Noticed travis's ghost (novice FeBe)
 10624 | D:8      | Found a runed translucent gate.
 10624 | D:8      | Noticed a nine-headed hydra
 11159 | D:8      | Identified the cursed +2 falchion "Uhauge" {distort, Dex+5}
 11159 | D:8      | Noticed a deep elf mage
 11184 | D:8      | Reached skill level 10 in Polearms
 11198 | D:8      | Killed a deep elf mage
 11198 | D:8      | Reached XP level 10. HP: 55/77 MP: 13/15
 11452 | Lair:1   | Entered Level 1 of the Lair of Beasts
 11452 | Lair:1   | Noticed a spiny frog
 11453 | Lair:1   | Noticed an oklob plant
 11453 | Lair:1   | Noticed an oklob plant
 11468 | Lair:1   | Noticed an oklob plant
 11491 | Lair:1   | Noticed an oklob plant
 11534 | Lair:1   | HP: 3/115 [acid (5)]
 11535 | Lair:1   | Killed an oklob plant
 11535 | Lair:1   | Slain by a hippogriff

Levels and vault maps discovered:
D:1:      dpeg_arrival_boxorama, layout_loops_ring, roderic_serpentine_path
D:2:      layout_rooms, first_ration
D:3:      layout_basic, chequers_ecumenical_altar_simple_redux,
          hangedman_ru_absence, uniq_ijyb
D:4:      layout_layer_cave, tso_oasis_becter, nicolae_overflow_crystal_walls,
          minmay_temple_entry_large_hall
D:5:      layout_basic, basic_altar
D:6:      layout_basic, nicolae_overflow_hidden_temple, skrybe_limestone_x
D:7:      layout_loops_corners, kennysheep_mini_moat,
          gammafunk_temple_overflow_wave, basic_altar
D:8:      minmay_the_grid_triangle_9x9_rhombus_full
          [minmay_the_grid_triangle_9x9_descending_squares,
          minmay_the_grid_triangle_9x9_checkered,
          minmay_the_grid_triangle_9x9_sprig,
          minmay_the_grid_triangle_9x9_swiss_cheese,
          minmay_the_grid_triangle_9x9_dagger,
          minmay_the_grid_triangle_9x9_sparse_checkered,
          minmay_the_grid_triangle_9x9_corrupted_corridor,
          minmay_the_grid_triangle_9x9_prize_center], layout_rooms,
          gammafunk_temple_overflow_claw, grunt_temple_overflow_open,
          lair_entry_dummy, gammafunk_ghost_hydra_chop
Lair:1:   minmay_lair_oklob_tunnel, layout_hall_layers, ldierk_geyser

Skill      XL: |  1  2  3  4  5  6  7  8  9 10 |
---------------+-------------------------------+-----
Dodging        | 3 4 5 6 7 |  7.8
Polearms       | 1 2 4 5 6 8 10 | 10.9
Armour         | 2 3 4 |  4.5
Fighting       | 4 5 6 7 |  7.0
Evocations     | 2 3 4 6 7 |  7.1
Axes           | |  2.9

Action                   |  1- 3 |  4- 6 |  7- 9 | 10-12 || total
-------------------------+-------+-------+-------+-------++-------
Melee: Hand axe          |    97 |       |       |       ||    97
       Spear             |    61 |   297 |   755 |    82 ||  1195
Invok: Berserk           |       |     2 |     7 |     1 ||    10
       Trog's Hand       |       |       |     3 |       ||     3
Evoke: Wand              |       |       |     1 |     5 ||     6
  Use: Potion            |       |     4 |     3 |     3 ||    10
       Scroll            |       |       |     6 |     4 ||    10
 Stab: Sleeping          |     2 |       |       |       ||     2
       Invisible         |       |       |       |     2 ||     2
  Eat: Ration            |     1 |     2 |     7 |       ||    10
       Chunk             |       |     5 |     6 |     2 ||    13
Armor: Animal skin       |     3 |       |       |       ||     3
       Ring mail         |    24 |    37 |       |       ||    61
       Chain mail        |       |    71 |   116 |       ||   187
       Plate armour      |       |       |    96 |    25 ||   121
Dodge: Dodged            |    91 |   141 |   210 |    24 ||   466

Table legend:
 A = Non-vault XP
 B = Vault XP
 C = Vault XP percentage of total XP
 D = Non-vault monster count
 E = Vault monster count
 F = Vault count percentage of total count
                 A         B        C        D         E       F
            +---------+---------+-------+---------+---------+-------
      Total |    3698 |    2285 |  38.2 |     147 |      21 |  12.5
            +---------+---------+-------+---------+---------+-------
        D:1 |      29 |       0 |   0.0 |      16 |       0 |   0.0
        D:2 |      61 |       0 |   0.0 |      19 |       0 |   0.0
        D:3 |     162 |      36 |  18.2 |      41 |       1 |   2.4
        D:4 |     182 |       0 |   0.0 |       7 |       0 |   0.0
        D:5 |     375 |       0 |   0.0 |       8 |       0 |   0.0
        D:6 |     869 |       0 |   0.0 |      16 |       0 |   0.0
        D:7 |     858 |       0 |   0.0 |      17 |       0 |   0.0
        D:8 |    1162 |    1684 |  59.2 |      23 |      19 |  45.2
     Lair:1 |       0 |     565 | 100.0 |       0 |       1 | 100.0
            +---------+---------+-------+---------+---------+-------
